Map: Oxide LE

Players

Myxomor

  • Race: Terran Terran
  • League: Platinum

Massa - Winner!

  • Race: Terran Terran
  • League: Platinum

VOD

Have the link to the VOD?

Description

Time

  • Played on: April 26, 2021, 2:18 p.m.
  • Length: 30:31
Show
View Real Time Build Order
Export as new Build Order

Myxomor Terran 

Build Orders: Cyclone Opening 

Get SALT Encoding   

  12  0:00  SCV  
  13  0:16  Supply Depot  
  13  0:18  SCV  
  14  0:26  Refinery  
  15  0:39  Barracks  
  14  0:43  SCV  
  14  0:49  Refinery  
  15  0:55  SCV  
  16  1:07  SCV  
  17  1:20  SCV  
  18  1:32  SCV, Factory  
  19  1:35  Barracks Tech Lab  
  19  1:41  Supply Depot  
  19  1:46  SCV  
  20  2:00  Orbital Command  
  20  2:24  Barracks Reactor  
  20  2:27  Cyclone  
  23  2:30  Starport, SCV  
  24  2:42  SCV  
  25  2:55  SCV  
  26  2:59  Supply Depot  
  26  3:20  Cyclone  
  29  3:40  Liberator x2  
  35  3:45  Command Center  
  35  4:23  Viking x2  
  39  4:24  Supply Depot  
  39  4:25  Refinery  
  39  4:42  Supply Depot  
  39  4:45  SCV, Siege Tank  
  43  4:58  SCV  
  44  5:10  SCV  
  45  5:30  Siege Tank  
  48  5:54  SCV x2  
  50  6:06  SCV x2  
  52  6:18  SCV  
  53  6:33  Siege Tank  
  56  6:48  Viking x2  
  60  6:56  Factory  
  60  7:03  Orbital Command  
  60  7:04  SCV  
  61  7:11  Siege Tank  
  64  7:16  SCV  
  65  7:29  SCV  
  66  7:32  Refinery  
  66  7:40  SCV  
  66  7:41  SCV  
  68  7:51  Viking  
  68  7:56  Supply Depot  
  70  7:58  Command Center  
  70  7:59  Viking  
  70  8:00  SCV x2  
  70  8:03  Factory Tech Lab, Engineering Bay  
  74  8:09  Siege Tank  
  74  8:12  SCV  
  78  8:17  SCV  
  79  8:24  SCV  
  80  8:30  SCV  
  81  8:36  SCV  
  82  8:42  SCV  
  82  8:48  SCV  
  84  8:50  Viking  
  86  9:02  Refinery  
  86  9:04  Refinery  
  86  9:09  Missile Turret  
  86  9:10  SCV x2, Hellion x2, Missile Turret, Viking  
  86  9:12  Missile Turret x2  
  86  9:13  Missile Turret  
  86  9:14  Missile Turret  
  95  9:20  Viking  
  95  9:21  Orbital Command  
  95  9:22  SCV x2  
  98  9:32  Hellion  
  98  9:33  Missile Turret  
  98  9:34  SCV  
  101  9:45  Armory x2  
  101  9:46  Armory  
  101  9:53  Supply Depot  
  101  9:54  Supply Depot  
  101  9:55  Supply Depot  
  101  9:56  Supply Depot  
  101  9:59  Missile Turret  
  101  10:00  Missile Turret  
  101  10:14  SCV x3, Siege Tank  
  101  10:15  Hellion  
  109  10:27  SCV x3  
  112  10:35  Missile Turret  
  112  10:36  Siege Tank  
  112  10:37  Sensor Tower  
  112  10:39  SCV x2  
  112  10:40  SCV  
  118  10:44  Command Center  
  118  10:51  SCV  
  118  10:52  Sensor Tower  
  118  11:09  Siege Tank x2  
  124  11:21  SCV x3  
  127  11:27  Viking x2  
  127  11:31  Terran Ship Weapons Level 1, Terran Vehicle Weapons Level 1  
  127  11:32  Terran Vehicle And Ship Armor Level 1  
  131  11:33  SCV  
  132  11:41  Factory  
  132  11:45  Factory  
  132  11:48  Factory  
  132  11:51  Factory  
  132  11:58  Starport  
  132  12:04  SCV, Fusion Core  
  133  12:13  SCV x2  
  135  12:16  SCV  
  135  12:21  Supply Depot  
  136  12:23  Supply Depot  
  136  12:26  SCV  
  136  12:27  Viking  
  136  12:28  Viking  
  141  12:30  Factory Tech Lab  
  141  12:31  Factory Tech Lab, Factory Reactor  
  141  12:34  Hellbat  
  141  12:35  Hellbat  
  141  12:36  Hi-Sec Auto Tracking  
  147  12:42  Factory Tech Lab  
  145  12:45  Supply Depot  
  145  12:55  Thor  
  145  12:56  Hellbat  
  152  13:15  Thor  
  152  13:16  Cyclone, Siege Tank  
  152  13:17  Hellion x2, Thor  
  167  13:33  Neosteel Armor  
  163  13:39  Hellion x2  
  155  13:45  Thor  
  155  13:48  Hellbat, Siege Tank  
  162  13:58  Hellbat  
  162  14:00  Hellbat x2  
  168  14:08  Sensor Tower  
  168  14:16  Sensor Tower  
  168  14:18  Infernal Pre-Igniter  
  168  14:20  Drilling Claws  
  115  15:14  Thor x3  
  119  15:15  Hellbat x2  
  119  15:16  Hellbat x2  
  139  15:24  Planetary Fortress  
  139  15:26  SCV x3  
  142  15:34  Refinery  
  142  15:37  Siege Tank x2  
  142  15:38  SCV  
  149  15:45  SCV x2  
  149  15:48  Sensor Tower  
  151  15:50  SCV  
  151  15:54  Viking  
  151  15:55  Viking x2  
  158  15:57  SCV x2, Thor, Siege Tank  
  158  15:58  Hellbat x3  
  174  16:06  Refinery  
  174  16:07  Refinery  
  174  16:09  Hellbat  
  172  16:24  Liberator x2, Viking  
  180  16:29  Siege Tank x2  
  186  16:49  Siege Tank  
  186  16:50  Refinery, Siege Tank  
  192  16:58  Hellion x2  
  196  17:01  Terran Vehicle Weapons Level 2, Terran Ship Weapons Level 2  
  196  17:02  Terran Vehicle And Ship Armor Level 2  
  196  17:21  Missile Turret  
  196  17:23  Missile Turret  
  196  17:44  Command Center, Missile Turret  
  196  17:45  Hellbat  
  196  17:47  SCV, Hellbat  
  196  17:50  Refinery  
  193  17:59  SCV  
  193  18:04  Refinery  
  172  18:56  Planetary Fortress  
  172  19:12  Advanced Ballistics  
  111  19:42  Orbital Command  
  107  19:47  Orbital Command  
  107  19:50  Siege Tank x2  
  107  19:51  Orbital Command, Thor, Siege Tank x2  
  107  19:52  Hellbat x2  
  117  20:22  Thor, Hellbat x2  
  117  20:23  Siege Tank x3  
  136  20:32  Factory  
  136  20:33  Factory  
  136  20:34  Factory, Siege Tank  
  139  20:39  Terran Ship Weapons Level 3  
  139  20:40  Terran Vehicle And Ship Armor Level 3, Terran Vehicle Weapons Level 3  
  139  20:43  Hellbat  
  139  20:44  Hellbat  
  139  20:46  Weapon Refit  
  139  20:48  Viking x3  
  149  20:55  Siege Tank  
  152  20:58  Hellbat x2  
  156  21:05  Hellbat x3  
  156  21:06  Hellbat  
  164  21:18  Viking  
  166  21:20  Thor x2  
  178  21:26  Hellbat x2  
  178  21:27  Hellbat  
  183  21:39  Command Center  
  168  21:57  Thor x3  
  185  22:17  Siege Tank x2  
  183  22:40  Siege Tank x3  
  189  22:57  Liberator x2  
  195  23:05  Liberator  
  195  23:20  Hellion x2  
  195  23:31  Hellion  
  192  23:39  Liberator  
  193  24:30  Liberator  
  180  24:32  Liberator  
  149  25:00  Command Center  
  149  25:11  Command Center  
  149  25:59  Hellbat  
  149  26:01  Hellbat x6  
  163  26:17  Factory Reactor  
  163  26:18  Factory Reactor  
  163  26:21  Hellbat  
  163  26:22  Hellbat  
  160  26:57  Widow Mine  
  160  26:58  Widow Mine x8  
  160  26:59  Widow Mine x3  
  184  27:19  Widow Mine x5  
  194  27:25  Missile Turret x2  
  194  27:28  Missile Turret  
  194  27:29  Missile Turret  
  191  27:34  Thor  
  191  27:35  Hellbat  
  196  27:48  Missile Turret  
  196  27:50  Widow Mine x3  
  199  28:02  Refinery  
  199  28:03  Planetary Fortress  
  199  28:16  Refinery  
  199  28:17  Refinery  
  196  28:40  Command Center  
  127  29:22  Siege Tank x3  
  127  29:23  Siege Tank x2  
  142  29:24  Hellion x2, Hellbat x2  
  136  29:55  Cyclone, Siege Tank  
Show
View Real Time Build Order
Export as new Build Order

Massa Terran - Winner!

Build Orders: Reaper Expand 

Get SALT Encoding   

  12  0:00  SCV  
  13  0:12  SCV  
  14  0:17  Supply Depot  
  14  0:24  SCV  
  15  0:39  SCV  
  15  0:40  Barracks  
  16  0:48  Refinery  
  16  0:51  SCV  
  17  1:03  SCV  
  18  1:15  SCV  
  19  1:27  Orbital Command  
  19  1:34  Reaper  
  20  1:45  Command Center  
  20  1:53  SCV  
  21  2:05  SCV  
  22  2:19  Marine  
  23  2:31  Supply Depot  
  23  2:32  Command Center  
  23  2:39  Bunker  
  23  2:53  SCV  
  23  2:58  Factory  
  24  3:01  Orbital Command  
  24  3:05  SCV, Marine  
  26  3:17  SCV  
  27  3:27  Barracks  
  26  3:39  Marine  
  27  3:42  SCV x2  
  27  3:48  Barracks  
  29  3:54  Widow Mine, SCV x2  
  33  3:57  Marine  
  33  3:58  SCV  
  35  4:06  SCV x2  
  35  4:08  Barracks  
  37  4:10  SCV  
  37  4:14  Refinery  
  37  4:16  Engineering Bay  
  38  4:18  Reaper, SCV  
  40  4:30  Marine  
  41  4:31  Factory Tech Lab  
  41  4:32  SCV x3  
  44  4:39  Starport, Barracks Tech Lab  
  44  4:44  SCV x3, Missile Turret  
  47  4:50  Reaper, Siege Tank  
  51  4:53  Refinery  
  51  4:56  SCV x3  
  54  5:06  Marine  
  55  5:11  Stimpack  
  54  5:15  Marine  
  54  5:16  Marine  
  54  5:33  Marine  
  54  5:34  Marine  
  53  5:58  Bunker  
  47  6:19  Marine  
  47  6:20  Siege Tank  
  51  6:30  SCV x2  
  53  6:37  Marine  
  54  6:42  Refinery, SCV x2, Missile Turret  
  54  6:44  Missile Turret  
  54  6:46  Barracks Reactor  
  56  6:51  SCV, Combat Shield  
  56  6:52  Cyclone  
  60  6:54  SCV  
  60  6:57  Starport Tech Lab  
  61  7:03  Supply Depot  
  61  7:05  Supply Depot  
  61  7:06  Supply Depot x2  
  61  7:08  Supply Depot  
  61  7:21  Planetary Fortress  
  61  7:24  Marine  
  61  7:25  SCV x2, Marauder  
  61  7:28  Supply Depot  
  66  7:30  Marine x2  
  68  7:37  SCV x2  
  68  7:39  Siege Tank  
  68  7:42  Marine  
  74  7:46  Marauder  
  74  7:48  Raven, Marine x2  
  74  7:49  SCV x2  
  82  8:00  Marine  
  82  8:03  Barracks  
  82  8:04  Barracks  
  83  8:06  Marine  
  83  8:08  Starport, Terran Infantry Armor Level 1  
  83  8:10  Barracks  
  83  8:11  Missile Turret x2  
  84  8:13  SCV x3  
  84  8:15  Refinery  
  84  8:17  Refinery  
  87  8:25  SCV x3  
  90  8:31  Missile Turret  
  90  8:34  Sensor Tower  
  90  8:37  SCV, Sensor Tower  
  91  8:43  Marauder, Marine x3  
  91  8:45  SCV x2  
  98  8:49  SCV  
  99  8:57  SCV x2  
  99  9:01  Marine  
  102  9:04  Marauder  
  102  9:06  Siege Tank  
  102  9:08  Command Center  
  102  9:09  Barracks Tech Lab  
  107  9:15  Missile Turret  
  107  9:17  Sensor Tower  
  107  9:31  Starport Reactor  
  107  9:33  Marauder  
  107  9:34  Barracks Reactor, Barracks Tech Lab  
  109  9:40  Supply Depot  
  109  9:41  Concussive Shells, Supply Depot x2  
  109  9:43  Supply Depot  
  109  9:44  Supply Depot  
  109  9:45  Barracks Reactor  
  109  9:57  Command Center  
  109  10:01  Raven  
  109  10:02  SCV x3, Marauder x2, Marine x2  
  109  10:03  Siege Tank  
  123  10:07  Supply Depot  
  123  10:09  Supply Depot x2  
  125  10:14  SCV x2  
  125  10:15  SCV  
  125  10:20  Marine x2  
  128  10:23  Marauder x2  
  128  10:24  Planetary Fortress  
  128  10:26  SCV x2  
  128  10:27  SCV  
  135  10:32  Marine, Missile Turret  
  135  10:33  Marine x4  
  140  10:37  Viking  
  140  10:38  SCV x2, Marine x2, Viking  
  140  10:39  SCV  
  149  10:44  Marine x2  
  149  10:46  Terran Infantry Weapons Level 1  
  149  10:47  Armory  
  151  10:50  SCV  
  151  10:51  Marauder  
  151  10:52  Engineering Bay, Missile Turret  
  154  11:03  Marauder x2, Sensor Tower, Siege Tank  
  161  11:07  Refinery  
  158  11:11  Refinery  
  158  11:13  Marauder, Missile Turret  
  158  11:17  Planetary Fortress  
  160  11:20  SCV x4  
  160  11:24  Marauder x2  
  168  11:26  Marine x2  
  168  11:32  SCV x4  
  174  11:34  Marauder, Viking, Missile Turret  
  174  11:35  Viking x2  
  182  11:44  SCV  
  182  11:45  Marauder x2  
  187  11:56  Marauder  
  189  12:04  Viking  
  189  12:05  Viking x2  
  195  12:12  Terran Infantry Armor Level 2  
  195  12:14  Terran Vehicle And Ship Armor Level 1  
  195  12:23  Missile Turret  
  195  12:27  Siege Tank  
  198  12:34  Viking  
  200  12:43  Missile Turret  
  200  13:03  Missile Turret  
  193  13:25  Missile Turret  
  193  13:27  SCV  
  193  13:28  SCV x3  
  197  13:39  SCV  
  197  13:40  SCV x2  
  191  13:42  Viking  
  191  13:43  Viking x2  
  191  13:46  Missile Turret  
  192  13:50  Sensor Tower  
  192  13:52  Marauder x3  
  197  14:12  Viking  
  197  14:13  Terran Vehicle And Ship Armor Level 2  
  128  14:42  Marauder x3, Marine x3  
  128  14:43  Marine x3  
  133  14:46  Viking  
  133  14:47  Viking x2  
  133  14:48  Siege Tank  
  136  15:00  Marine x6  
  136  15:03  Marauder  
  136  15:04  Marauder x2  
  135  15:16  Terran Infantry Weapons Level 2, Terran Infantry Armor Level 3, Viking  
  135  15:17  Viking x2  
  135  15:18  Marine x4  
  135  15:21  Siege Tank  
  148  15:24  Marauder  
  148  15:25  Marauder x2  
  154  15:30  Refinery x2  
  154  15:43  Marine  
  154  15:44  Marine x5  
  154  15:46  Marauder x3, Command Center, Viking  
  168  15:52  Barracks  
  168  15:53  Siege Tank  
  168  15:54  Barracks x2  
  168  15:55  Barracks  
  168  15:56  Factory  
  171  15:59  Starport  
  171  16:01  Marine x4  
  171  16:02  Marine x2  
  177  16:07  Marauder  
  177  16:08  Marauder x2  
  170  16:19  Marine x6  
  170  16:25  Siege Tank  
  179  16:28  Marine  
  178  16:38  Viking x3  
  184  16:43  Starport Reactor  
  184  16:46  Terran Vehicle Weapons Level 1  
  184  16:57  Siege Tank  
  185  17:07  Factory Tech Lab  
  185  17:08  Viking x3  
  187  17:09  Barracks Tech Lab x3  
  187  17:10  Barracks Tech Lab  
  191  17:16  Sensor Tower  
  189  17:29  Siege Tank  
  187  17:39  Marauder x4  
  187  17:40  Marauder x2  
  189  17:52  Viking  
  189  17:53  Viking x4  
  185  18:22  Viking  
  185  18:23  Viking x3  
  172  18:27  Marauder x7  
  172  18:28  Marine x3  
  172  18:29  Siege Tank x2  
  159  18:43  Viking  
  159  18:48  Marauder  
  163  18:49  Marauder x6  
  163  18:52  Viking  
  163  18:53  Viking  
  179  18:59  Command Center  
  179  19:00  Planetary Fortress  
  179  19:01  Siege Tank x2  
  185  19:04  Marine  
  185  19:05  Marine x5  
  185  19:08  Missile Turret  
  185  19:09  Marauder  
  193  19:10  Marauder x3, Marine  
  200  19:27  Marine  
  200  19:30  Marine  
  200  19:31  Marine, Missile Turret  
  190  19:33  Siege Tank x2  
  190  19:37  Marauder x4, Marine  
  135  19:46  Marauder  
  135  19:49  Marauder x2  
  132  19:53  Missile Turret  
  132  19:55  Marine x2  
  132  19:56  Marine x4  
  132  19:58  Marauder  
  132  19:59  Marauder x3  
  145  20:07  Marauder  
  145  20:10  Marauder  
  145  20:11  Marauder  
  145  20:12  Siege Tank x2  
  145  20:13  Marine x2  
  159  20:15  Planetary Fortress  
  159  20:19  Marauder  
  159  20:20  Marauder x3  
  167  20:22  Missile Turret  
  167  20:29  Marauder  
  167  20:31  Sensor Tower  
  169  20:39  Drilling Claws  
  169  20:40  Smart Servos  
  169  20:42  Missile Turret  
  169  20:44  Siege Tank x2  
  175  20:50  Missile Turret  
  175  20:55  Viking x3  
  175  20:56  Raven  
  183  20:57  Viking  
  183  20:58  Marauder x2  
  183  20:59  Marauder x5, Marine  
  183  21:04  Missile Turret  
  200  21:10  Missile Turret  
  200  21:16  Siege Tank  
  199  21:23  Missile Turret  
  199  21:30  Missile Turret  
  199  21:39  Raven  
  195  21:47  Missile Turret  
  192  21:54  Medivac x3  
  192  21:55  Medivac  
  198  22:21  Raven  
  194  22:51  Marauder x3  
  197  23:03  Medivac  
  193  23:31  Medivac  
  193  23:32  Medivac x3  
  198  23:36  Refinery  
  198  23:37  Refinery, Terran Infantry Weapons Level 3  
  198  23:38  Neosteel Armor  
  198  23:39  Terran Vehicle And Ship Armor Level 3  
  194  23:59  Viking  
  194  24:01  Viking  
  194  24:02  Viking  
  165  24:38  Marauder x4, Marine  
  147  24:39  Marauder x3, Marine x5  
  147  24:40  Siege Tank x2  
  148  24:56  Marine  
  148  24:57  Marine x5  
  148  24:59  Marauder  
  161  25:00  Marauder x6  
  161  25:04  Command Center  
  166  25:08  Viking  
  166  25:09  Viking x4  
  166  25:12  Siege Tank x2  
  182  25:14  Marine  
  182  25:15  Marine x2  
  182  25:18  Hi-Sec Auto Tracking  
  182  25:21  Marauder x7  
  199  25:29  Fusion Core  
  192  26:58  Raven  
  192  27:00  Viking  
  192  27:01  Viking x2  
  200  27:41  Raven  
  188  28:24  Raven  
  167  28:59  Marauder, Marine  
  167  29:00  Marauder x6  
  163  29:21  Marauder x4  
  171  29:26  Marauder x3, Marine  
  178  29:42  Marauder  
  178  29:43  Marauder  
Tags
 
Add a new tag
Caveats
  • Supply blocks, unpowered buildings, or Contaminate may cause inaccurate times.
  • Supply counts are checked every 10 seconds.